 Dungeon Crawl Stone Soup version 0.20.1-1-g8b1a95d (webtiles) character file.

516 Linguinho the Bolt Thrower (level 7, -4/57 HPs)
             Began as a Centaur Arcane Marksman on Oct 27, 2017.
             Was a Follower of Fedhas.
             Slain by a sky beast (7 damage)
             ... on level 4 of the Dungeon.
             The game lasted 00:21:42 (4496 turns).

Linguinho the Bolt Thrower (CeAM)                   Turns: 4496, Time: 00:21:43

Health: -4/57      AC:  4    Str: 13    XL:     7   Next: 0%
Magic:  10/10      EV: 10    Int: 12    God:    Fedhas [*.....]
Gold:   237        SH:  0    Dex: 16    Spells: 7/10 levels left

rFire    . . .     SeeInvis .   a - +1 hand crossbow
rCold    . . .     Gourm    .   (no shield)
rNeg     + . .     Faith    .   e - +0 robe
rPois    .         Spirit   .   (no helmet)
rElec    .         Reflect  .   (no cloak)
rCorr    .         Harm     +   (no gloves)
MR       .....                  (no barding)
Stlth    +.........             p - amulet of harm
Regen    0.2/turn               y - +5 ring of dexterity
MPRegen  0.2/turn               s - ring of positive energy

@: drained, very quick
A: hooves 3, deformed body, speed 2, tough skin 3
a: Fungal Bloom, Evolution, Renounce Religion


You were on level 4 of the Dungeon.
You worshipped Fedhas.
Fedhas was aware of your devotion.
You were not hungry.

You visited 1 branch of the dungeon, and saw 5 of its levels.

You collected 237 gold pieces.

Inventory:

Hand Weapons
 a - a +1 hand crossbow (weapon)
 o - a +0 hunting sling
Missiles
 d - 20 bolts (quivered)
 g - 43 arrows
 j - 118 stones
 k - 22 poisoned needles
 m - 36 sling bullets
Armour
 e - a +0 robe (worn)
 C - a +0 centaur barding
Jewellery
 p - an amulet of harm (around neck)
 s - a ring of positive energy (right hand)
 y - a +5 ring of dexterity (left hand)
 A - an uncursed ring of ice
 D - an uncursed amulet of rage
Scrolls
 b - 2 scrolls of teleportation
 l - 2 scrolls of blinking
 v - 3 scrolls of remove curse
 x - a scroll of immolation {unknown}
 z - a scroll of recharging {unknown}
 B - a scroll of random uselessness {unknown}
Potions
 h - a potion of cancellation {unknown}
 i - a potion of might
 n - 3 potions of curing {unknown}
 q - 2 potions of lignification {unknown}
 r - 2 potions of brilliance {unknown}
 w - a potion of invisibility {unknown}
 E - 2 potions of agility {unknown}
Books
 c - a book of Debilitation

   Spells                             Type                      Level
   a - Corona                         Hexes                        1
   b - Slow                           Hexes                        2
   c - Inner Flame                    Hexes/Fire                   3
   d - Portal Projectile              Hexes/Translocation          3
   e - Cause Fear                     Hexes                        4
   f - Leda's Liquefaction            Hexes/Earth                  4
Comestibles
 f - a bread ration


   Skills:
 + Level 3.0(2.5) Fighting
 + Level 5.9(5.4) Crossbows
 + Level 1.8(1.3) Dodging
 + Level 0.2(0.0) Stealth
 + Level 2.1(1.6) Spellcasting
 + Level 3.7(3.2) Hexes


You had 7 spell levels left.
You knew the following spells:

 Your Spells              Type           Power        Failure   Level  Hunger
a - Corona                Hex            #......      8%          1    ##.....
b - Slow                  Hex            #.......     12%         2    ###....


Dungeon Overview and Level Annotations

Branches:
Dungeon (5/15)
 Temple: D:4-7

Altars:
Fedhas
Xom


Innate Abilities, Weirdness & Mutations

You have hooves in place of feet.
Armour fits poorly on your strangely shaped body.
You cover ground very quickly.
You have extremely tough skin. (AC +3)


Message History

You shoot a bolt. The bolt barely misses the sky beast.
The bolt barely misses the worker ant zombie.
The leopard gecko zombie closely misses you.
The sky beast hits you. The sky beast shocks you.
* * * LOW HITPOINT WARNING * * *
The leopard gecko zombie closely misses you.
The sky beast stops glowing and disappears.
Something hits you.
* * * LOW HITPOINT WARNING * * *
Something shocks you.
* * * LOW HITPOINT WARNING * * *
Deactivating autopickup; reactivate with Ctrl-A.
The leopard gecko zombie barely misses you.
You climb upwards.
There is a stone staircase leading down here.
You start resting.
Something hits you.
* * * LOW HITPOINT WARNING * * *
Something shocks you.
You die...
Fedhas appreciates your contribution to the ecosystem.

.## ##..## ##......#
## ##).## ##..##....
# ##..# #..####..#
##.## ###.####...#
##.# ####..## #....#
##.# #....## #.###.
##..###....#***###*##
#...##.....##≈≈≈≈≈≈≈≈
#...@.....##≈≈≈≈≈≈≈≈≈
#........##≈≈≈≈≈≈≈≈≈≈
#.......##≈≈≈≈≈≈≈≈≈≈≈
##..##.##≈≈≈≈≈≈≈≈≈≈≈≈
#####.#≈≈≈≈≈≈≈≈≈≈≈≈≈
#.#≈≈≈≈≈≈≈≈≈≈≈≈≈
#.#≈≈≈≈≈≈≈8..8≈≈
#.'[.......≈≈...
#.'..÷.....≈≈)..


There were no monsters in sight!

Vanquished Creatures
  A phantom (D:4)
  2 scorpions (D:4)
  A bullfrog skeleton (D:4)
  2 hounds (D:4)
  2 orc wizards
  2 worker ants (D:4)
  A river rat (D:4)
  5 adders
  3 oozes
  A worm (D:2)
  3 dart slugs
  4 leopard geckos
  7 orcs
  A ball python (D:1)
  7 bats
  5 giant cockroaches
  3 goblins
  5 hobgoblins
  5 jackals (D:3)
  3 frilled lizards
  4 kobolds
  6 rats
73 creatures vanquished.

Vanquished Creatures (others)
  38 toadstools
38 creatures vanquished.

Grand Total: 111 creatures vanquished

Notes
Turn   | Place    | Note
-------+----------+-------------------------------------------
     0 | D:1      | Linguinho the Centaur Arcane Marksman began the quest for the Orb.
     0 | D:1      | Reached XP level 1. HP: 16/16 MP: 2/2
   381 | D:1      | Reached XP level 2. HP: 22/23 MP: 3/3
   385 | D:1      | Learned a level 2 spell: Slow
   763 | D:2      | Reached skill level 3 in Crossbows
   923 | D:2      | Reached XP level 3. HP: 19/28 MP: 2/4
  1396 | D:2      | Found a blossoming altar of Fedhas.
  1603 | D:2      | Became a worshipper of Fedhas Madash
  2292 | D:3      | Reached * piety under Fedhas
  2359 | D:3      | Found a shimmering altar of Xom.
  2361 | D:3      | Found a shimmering altar of Xom.
  2362 | D:3      | Found a shimmering altar of Xom.
  2378 | D:3      | Reached XP level 4. HP: 35/35 MP: 3/5
  2429 | D:3      | Reached skill level 4 in Crossbows
  2483 | D:3      | Found a shimmering altar of Xom.
  2592 | D:3      | Found a shimmering altar of Xom.
  2592 | D:3      | Found a shimmering altar of Xom.
  2593 | D:3      | Found a shimmering altar of Xom.
  2796 | D:4      | Reached XP level 5. HP: 19/40 MP: 4/7
  3452 | D:4      | Reached skill level 5 in Crossbows
  3868 | D:4      | Reached XP level 6. HP: 48/48 MP: 8/8
  4208 | D:4      | Reached XP level 7. HP: 36/57 MP: 8/10
  4485 | D:5      | Entered Level 5 of the Dungeon
  4496 | D:4      | Slain by a sky beast

Skill      XL: |  1  2  3  4  5  6 |
---------------+-------------------+-----
Crossbows      | 3 4 5 |  5.9
Hexes          | 3 |  3.7
Fighting       | 2 3 |  3.0
Spellcasting   | 2 |  2.1
Dodging        | |  1.8
Stealth        | |  0.2

Action                   |  1- 3 |  4- 6 |  7- 9 || total
-------------------------+-------+-------+-------++-------
 Fire: Hand crossbow     |   111 |   125 |     7 ||   243
 Cast: Corona            |    16 |    24 |     1 ||    41
Invok: Fungal Bloom      |    10 |    18 |     1 ||    29
  Use: Scroll            |       |     9 |       ||     9
       Potion            |       |     1 |       ||     1
  Eat: Chunk             |     2 |     4 |       ||     6
       Bread ration      |       |     1 |       ||     1
Armor: Robe              |    26 |    19 |     4 ||    49
Dodge: Dodged            |    50 |    45 |     3 ||    98
